Edmonton Oilers vs Pittsburgh Penguins
Created - Saturday, November 2, 2024 at 09:27
Goals
|
| Edmonton Oilers |
0 |
1 |
0 |
1 |
| Pittsburgh Penguins |
0 |
3 |
0 |
3 |
|
Shots
|
| Edmonton Oilers |
2 |
14 |
8 |
24 |
| Pittsburgh Penguins |
4 |
17 |
9 |
30 |
|
1st period
No Goal
Penalties :
Adrian Kempe (EDM) for Hooking (Minor) at 1:28, Boone Jenner (EDM) for Slashing (Minor) at 5:53, Evan Bouchard (EDM) for Diving (Minor) at 15:40
2nd period
1. Pittsburgh Penguins , Blake Coleman 19 (Mitchell Marner 39, Phillip Danault 26) at 1:25 (PP)
2. Pittsburgh Penguins , Jordan Eberle 7 (Dylan Guenther 16, Brock Faber 13) at 4:07
3. Edmonton Oilers , Brock Boeser 24 (Brett Pesce 17, Jake DeBrusk 18) at 7:31
4. Pittsburgh Penguins , Pavel Buchnevich 18 (Leon Draisaitl 35) at 7:52 (PP)
Penalties :
Jacob Trouba (EDM) for Cross-checking (Minor) at 1:08, Corey Perry (EDM) for Diving (Minor) at 7:51, Evan Bouchard (EDM) for Tripping (Minor) at 8:37, Blake Coleman (PIT) for Tripping (Minor) at 14:46
3rd period
No Goal
Penalties :
Mattias Ekholm (PIT) for High sticking (Minor) at 17:32
Goalie Stats
Juuse Saros (EDM), 27 saves from 30 shots - (0.900), L, 20-22-3, 60:00 minutes
Jordan Binnington (PIT), 23 saves from 24 shots - (0.958), W, 28-16-5, 60:00 minutes
Players Stats for Edmonton Oilers
Player Name G A P +/- PIM S H SB GA TA FO MP PP MP PK MP
------------------------------------------------------------------------------------
Adrian Kempe 0 0 0 0 2 5 1 2 1 1 2/5 24:41 0:55 2:57
Alex Iafallo 0 0 0 0 0 0 0 0 0 0 1/2 8:52 0:00 0:00
Boone Jenner 0 0 0 0 2 2 3 0 0 0 6/15 17:00 0:55 2:45
Brandon Carlo 0 0 0 0 0 0 0 4 1 2 0/0 22:37 1:52 4:40
Brett Pesce 0 1 1 1 0 0 0 0 0 0 0/0 18:16 0:00 2:06
Brock Boeser 1 0 1 1 0 7 3 0 0 0 0/0 19:12 2:06 3:57
Corey Perry 0 0 0 -1 2 0 1 0 1 1 0/2 13:26 0:00 1:39
David Perron 0 0 0 0 0 2 0 0 2 0 1/1 18:53 1:13 3:54
David Savard 0 0 0 -1 0 1 0 1 0 1 0/0 21:09 2:06 4:12
Dawson Mercer 0 0 0 -1 0 2 1 1 0 0 1/4 13:31 0:44 0:56
Derek Ryan 0 0 0 0 0 0 0 0 0 1 0/0 1:29 0:32 0:00
Evan Bouchard 0 0 0 -1 4 0 0 0 1 0 0/0 19:19 2:06 1:55
Jacob Trouba 0 0 0 0 2 0 0 2 1 0 0/0 22:13 1:52 3:35
Jake DeBrusk 0 1 1 1 0 3 2 1 0 0 0/0 16:16 2:16 0:20
Jeff Carter 0 0 0 1 0 0 1 0 0 0 7/17 15:55 2:16 0:00
Morgan Barron 0 0 0 0 0 0 0 0 0 0 0/1 4:07 0:57 0:00
Ryan McLeod 0 0 0 -1 0 1 2 0 0 0 3/6 18:21 0:00 0:00
Scott Mayfield 0 0 0 1 0 1 2 1 0 0 0/0 16:23 0:00 0:00
Players Stats for Pittsburgh Penguins
Player Name G A P +/- PIM S H SB GA TA FO MP PP MP PK MP
------------------------------------------------------------------------------------
Blake Coleman 1 0 1 -1 2 4 0 1 0 0 0/1 16:51 4:07 0:00
Brian Dumoulin 0 0 0 0 0 2 3 0 0 1 0/0 15:18 0:00 2:09
Brock Faber 0 1 1 1 0 0 1 0 0 0 0/0 23:15 4:04 0:44
Dylan Guenther 0 1 1 1 0 0 1 0 0 0 0/1 11:20 0:00 0:37
Erik Gudbranson 0 0 0 1 0 0 4 0 0 0 0/0 18:39 0:00 0:00
Erik Karlsson 0 0 0 -1 0 1 1 0 1 1 0/0 22:39 4:10 2:22
Gabriel Vilardi 0 0 0 0 0 2 1 0 1 1 1/3 11:53 0:00 0:00
Jake Neighbours 0 0 0 0 0 1 1 0 0 1 0/0 11:56 0:03 0:00
James van Riemsdyk 0 0 0 0 0 1 1 0 0 0 1/1 11:53 0:00 0:00
Jean-Gabriel Pageau 0 0 0 1 0 1 2 0 0 0 4/6 10:50 0:00 0:00
Jordan Eberle 1 0 1 1 0 2 2 0 0 0 0/0 11:00 0:03 0:00
Leon Draisaitl 0 1 1 0 0 5 4 0 1 1 12/21 19:02 4:07 2:04
Mark Giordano 0 0 0 0 0 0 0 0 0 0 0/0 17:54 4:04 0:49
Mattias Ekholm 0 0 0 -1 2 0 1 0 0 1 0/0 21:37 4:10 1:15
Mitchell Marner 0 1 1 -1 0 3 2 0 1 0 3/4 18:18 4:07 1:54
Pavel Buchnevich 1 0 1 0 0 4 0 1 0 1 0/0 18:12 4:04 1:54
Phillip Danault 0 1 1 -1 0 1 0 1 1 0 11/15 16:24 4:07 0:00
Sam Reinhart 0 0 0 0 0 3 1 1 1 0 0/1 18:59 4:04 2:04
3 Stars
1 - Jordan Eberle (PIT)
2 - Jordan Binnington (PIT)
3 - Brock Boeser (EDM)
Power Play
Edmonton Oilers - 0 on 2 Attempt(s) - 0.00%
Pittsburgh Penguins - 2 on 6 Attempt(s) - 33.33%
Penalty Kill
Edmonton Oilers - 4 on 6 Attempt(s) - 66.67%
- Score 0 goal in Penalty Kill
Pittsburgh Penguins - 2 on 2 Attempt(s) - 100.00%
- Score 0 goal in Penalty Kill
Team Stat
Edmonton Oilers - Hits : 16 - Faceoff Wins : 21 - Blocked Shots : 12 - Penalty Minutes : 12
Pittsburgh Penguins - Hits : 25 - Faceoff Wins : 32 - Blocked Shots : 4 - Penalty Minutes : 4
Official
Referees : Brandon Blandina and Kevin Pollock
Linesman : Bryan Pancich and Kilian McNamara
Game Notes
No Game Note
Finance
Level 1 -- Attendance: 4488 (74.80%) -- Ticket Income $448,800
Level 2 -- Attendance: 3670 (73.40%) -- Ticket Income $220,200
Level 3 -- Attendance: 2168 (72.27%) -- Ticket Income $75,880
Level 4 -- Attendance: 3713 (74.26%) -- Ticket Income $92,825
Luxury Box -- Attendance: 772 (77.20%) -- Ticket Income $154,400
Game was played at the Consol Energy Center.
Total Attendance: 14811 (74.06%)
Total Ticket Income: $992,105
Other Income: $347,237
Total Income: $1,339,342
Edmonton Oilers
5 vs 5 Forward
Center Left Wing Right Wing Time % Phy DF OF
1 Boone Jenner David Perron Adrian Kempe 30 1 2 2
2 Jeff Carter Jake DeBrusk Brock Boeser 30 1 2 2
3 Dawson Mercer Ryan McLeod Corey Perry 25 1 2 2
4 Ryan McLeod Adrian Kempe Alex Iafallo 15 1 2 2
5 vs 5 Defense
Defense Defense Time % Phy DF OF
1 Jacob Trouba Brandon Carlo 35 1 2 2
2 David Savard Evan Bouchard 35 1 2 2
3 Scott Mayfield Brett Pesce 30 1 2 2
4 Jacob Trouba Brandon Carlo 0 1 2 2
PowerPlay Forward
Center Left Wing Right Wing Time % Phy DF OF
1 Boone Jenner David Perron Adrian Kempe 50 1 2 2
2 Jeff Carter Jake DeBrusk Brock Boeser 50 1 2 2
PowerPlay Defense
Defense Defense Time % Phy DF OF
1 Jacob Trouba Brandon Carlo 50 1 2 2
2 David Savard Evan Bouchard 50 1 2 2
Penalty Kill 4 Players Forward
Center Wing Time % Phy DF OF
1 Adrian Kempe Brock Boeser 50 1 2 2
2 Boone Jenner David Perron 50 1 2 2
Penalty Kill 4 Players Defense
Defense Defense Time % Phy DF OF
1 Jacob Trouba Brandon Carlo 50 1 2 2
2 David Savard Evan Bouchard 50 1 2 2
Penalty Kill - 3 Players Forward
Forward Time % Phy DF OF
1 Adrian Kempe 50 1 2 2
2 Brock Boeser 50 1 2 2
Penalty Kill - 3 Players Defense
Defense Defense Time % Phy DF OF
1 Jacob Trouba Brandon Carlo 50 1 2 2
2 David Savard Evan Bouchard 50 1 2 2
4 vs 4 Forward
Center Wing Time % Phy DF OF
1 Adrian Kempe Brock Boeser 50 1 2 2
2 Boone Jenner David Perron 50 1 2 2
4 vs 4 Defense
Defense Defense Time % Phy DF OF
1 Jacob Trouba Brandon Carlo 50 1 2 2
2 David Savard Evan Bouchard 50 1 2 2
Last Minutes Offensive
Center Left Wing Right Wing Defense Defense
Boone Jenner David Perron Adrian Kempe Jacob Trouba Brandon Carlo
Last Minutes Defensive
Center Left Wing Right Wing Defense Defense
Boone Jenner David Perron Adrian Kempe Jacob Trouba Brandon Carlo
Goaltenders
Starting : Juuse Saros
Backup : Matt Murray
Extra Forwards
Normal : Morgan Barron, Derek Ryan, Corey Perry - PP : Morgan Barron, Derek Ryan - PK : Corey Perry
Extra Defensemen
Normal : Scott Mayfield, Brett Pesce, David Savard - PP : Scott Mayfield - PK : Brett Pesce, David Savard
Penalty Shots
Adrian Kempe, Brock Boeser, Boone Jenner, David Perron, Jake DeBrusk
Scratches
David Reinbacher (Healthy), Rasmus Ristolainen (Healthy), Julien Gauthier (Healthy), Tanner Jeannot (Healthy), Dylan Holloway (Healthy)
Pittsburgh Penguins
5 vs 5 Forward
Center Left Wing Right Wing Time % Phy DF OF
1 Leon Draisaitl Pavel Buchnevich Sam Reinhart 30 1 2 2
2 Phillip Danault Blake Coleman Mitchell Marner 30 1 2 2
3 Jean-Gabriel Pageau Dylan Guenther Jordan Eberle 25 1 2 2
4 Gabriel Vilardi Jake Neighbours James van Riemsdyk 15 1 2 2
5 vs 5 Defense
Defense Defense Time % Phy DF OF
1 Mattias Ekholm Erik Karlsson 35 1 2 2
2 Erik Gudbranson Brock Faber 35 1 2 2
3 Mark Giordano Brian Dumoulin 30 1 2 2
4 Mattias Ekholm Erik Karlsson 0 1 2 2
PowerPlay Forward
Center Left Wing Right Wing Time % Phy DF OF
1 Leon Draisaitl Pavel Buchnevich Sam Reinhart 50 1 2 2
2 Phillip Danault Blake Coleman Mitchell Marner 50 1 2 2
PowerPlay Defense
Defense Defense Time % Phy DF OF
1 Mattias Ekholm Erik Karlsson 50 1 2 2
2 Mark Giordano Brock Faber 50 1 2 2
Penalty Kill 4 Players Forward
Center Wing Time % Phy DF OF
1 Leon Draisaitl Sam Reinhart 50 1 2 2
2 Mitchell Marner Pavel Buchnevich 50 1 2 2
Penalty Kill 4 Players Defense
Defense Defense Time % Phy DF OF
1 Mattias Ekholm Erik Karlsson 50 1 2 2
2 Brian Dumoulin Brock Faber 50 1 2 2
Penalty Kill - 3 Players Forward
Forward Time % Phy DF OF
1 Leon Draisaitl 50 1 2 2
2 Sam Reinhart 50 1 2 2
Penalty Kill - 3 Players Defense
Defense Defense Time % Phy DF OF
1 Mattias Ekholm Erik Karlsson 50 1 2 2
2 Brian Dumoulin Brock Faber 50 1 2 2
4 vs 4 Forward
Center Wing Time % Phy DF OF
1 Leon Draisaitl Sam Reinhart 50 1 2 2
2 Mitchell Marner Pavel Buchnevich 50 1 2 2
4 vs 4 Defense
Defense Defense Time % Phy DF OF
1 Mattias Ekholm Erik Karlsson 50 1 2 2
2 Mark Giordano Brock Faber 50 1 2 2
Last Minutes Offensive
Center Left Wing Right Wing Defense Defense
Leon Draisaitl Pavel Buchnevich Sam Reinhart Mattias Ekholm Erik Karlsson
Last Minutes Defensive
Center Left Wing Right Wing Defense Defense
Leon Draisaitl Pavel Buchnevich Sam Reinhart Mattias Ekholm Erik Karlsson
Goaltenders
Starting : Jordan Binnington
Backup : Marc-Andre Fleury
Extra Forwards
Normal : Jake Neighbours, Jordan Eberle, Jean-Gabriel Pageau - PP : Jake Neighbours, Jordan Eberle - PK : Jean-Gabriel Pageau
Extra Defensemen
Normal : Mark Giordano, Brian Dumoulin, Erik Karlsson - PP : Mark Giordano - PK : Brian Dumoulin, Mattias Ekholm
Penalty Shots
Leon Draisaitl, Sam Reinhart, Mitchell Marner, Pavel Buchnevich, Blake Coleman
Scratches
None
% Time on Ice - Edmonton Oilers
Lines # - Real PCT - Wanted PCT - Time Play
Normal Forward
1 - 29% - 30% - 13:41
2 - 29% - 30% - 13:47
3 - 24% - 25% - 11:28
4 - 19% - 15% - 8:52
Normal Defense
1 - 34% - 35% - 16:01
2 - 33% - 35% - 15:34
3 - 34% - 30% - 16:13
4 - 0% - 0% - 0:00
PP Forward
1 - 23% - 50% - 0:55
2 - 77% - 50% - 3:03
PP Defense
1 - 47% - 50% - 1:52
2 - 53% - 50% - 2:06
PK Forward
1 - 52% - 50% - 4:15
2 - 48% - 50% - 3:59
PK Defense
1 - 45% - 50% - 3:44
2 - 55% - 50% - 4:30
PK3 Forward
1 - 0% - 50%
2 - 0% - 50%
PK3 Defense
1 - 0% - 50%
2 - 0% - 50%
44 Forward
1 - 0% - 50%
2 - 0% - 50%
44 Defense
1 - 0% - 50%
2 - 0% - 50%
Last Minute Offensive - 0:00
Last Minute Defensive - 0:00
Total
Forward - 60:00
Defense - 60:00
|
% Time on Ice - Pittsburgh Penguins
Lines # - Real PCT - Wanted PCT - Time Play
Normal Forward
1 - 27% - 30% - 13:05
2 - 26% - 30% - 12:17
3 - 22% - 25% - 10:33
4 - 25% - 15% - 11:53
Normal Defense
1 - 34% - 35% - 16:13
2 - 40% - 35% - 19:02
3 - 26% - 30% - 12:33
4 - 0% - 0% - 0:00
PP Forward
1 - 50% - 50% - 4:07
2 - 50% - 50% - 4:07
PP Defense
1 - 51% - 50% - 4:10
2 - 49% - 50% - 4:04
PK Forward
1 - 52% - 50% - 2:04
2 - 48% - 50% - 1:54
PK Defense
1 - 82% - 50% - 3:14
2 - 18% - 50% - 0:44
PK3 Forward
1 - 0% - 50%
2 - 0% - 50%
PK3 Defense
1 - 0% - 50%
2 - 0% - 50%
44 Forward
1 - 0% - 50%
2 - 0% - 50%
44 Defense
1 - 0% - 50%
2 - 0% - 50%
Last Minute Offensive - 0:00
Last Minute Defensive - 0:00
Total
Forward - 60:00
Defense - 60:00
|
Play-by-Play
1st period
0:01 of 1st period - Boone Jenner wins face-off versus Leon Draisaitl in neutral zone.
0:26 of 1st period - Jacob Trouba is hit by Mattias Ekholm and loses puck.
1:28 of 1st period - Minor Penalty to Adrian Kempe for Hooking.
1:29 of 1st period - Leon Draisaitl wins face-off versus Corey Perry in Edmonton Oilers zone.
1:46 of 1st period - Slapshot by Pavel Buchnevich.
1:46 of 1st period - Shot Misses the Net.
2:02 of 1st period - Backhand shot by Mitchell Marner.
2:02 of 1st period - Stopped by Juuse Saros with a rebound.
2:04 of 1st period - Snap shot by Brock Faber.
2:04 of 1st period - Shot Misses the Net.
2:06 of 1st period - Slapshot by Blake Coleman.
2:06 of 1st period - Shot Misses the Net.
3:28 of 1st period - Penalty to Adrian Kempe is over, Adrian Kempe is back on ice.
3:36 of 1st period - Dawson Mercer is hit by Brian Dumoulin.
3:58 of 1st period - Icing by James van Riemsdyk.
3:59 of 1st period - Ryan McLeod wins face-off versus Gabriel Vilardi in Pittsburgh Penguins zone.
4:41 of 1st period - Snap shot by Adrian Kempe.
4:41 of 1st period - Stopped by Jordan Binnington without a rebound.
4:42 of 1st period - Phillip Danault wins face-off versus Jeff Carter in Pittsburgh Penguins zone.
4:42 of 1st period - Phillip Danault is hit by Scott Mayfield.
5:26 of 1st period - Snap shot by Phillip Danault.
5:26 of 1st period - Shot Blocked by Adrian Kempe.
5:28 of 1st period - Snap shot by Mitchell Marner.
5:28 of 1st period - Deflect By Phillip Danault.
5:28 of 1st period - Shot Blocked by Scott Mayfield.
5:28 of 1st period - Puck is out of play.
5:29 of 1st period - Boone Jenner wins face-off versus Leon Draisaitl in Edmonton Oilers zone.
5:53 of 1st period - Minor Penalty to Boone Jenner for Slashing.
5:54 of 1st period - Phillip Danault wins face-off versus Corey Perry in Edmonton Oilers zone.
5:59 of 1st period - Slapshot by Phillip Danault.
5:59 of 1st period - Shot Blocked by Brandon Carlo.
7:53 of 1st period - Penalty to Boone Jenner is over, Boone Jenner is back on ice.
8:06 of 1st period - Dawson Mercer is hit by Dylan Guenther and loses puck.
8:23 of 1st period - Scott Mayfield is hit by Brian Dumoulin and loses puck.
8:30 of 1st period - Brian Dumoulin is hit by Scott Mayfield and loses puck.
10:43 of 1st period - Jake Neighbours is hit by Corey Perry and loses puck.
11:00 of 1st period - Adrian Kempe is hit by Mitchell Marner and loses puck.
11:09 of 1st period - Slapshot by Phillip Danault.
11:09 of 1st period - Shot Misses the Net.
11:27 of 1st period - Brock Boeser is hit by Leon Draisaitl and loses puck.
12:04 of 1st period - Brock Faber is hit by Boone Jenner and loses puck.
12:15 of 1st period - Jacob Trouba is hit by Erik Gudbranson and loses puck.
12:24 of 1st period - Ryan McLeod is hit by Gabriel Vilardi and loses puck.
13:02 of 1st period - Mark Giordano is hit by Jake DeBrusk and loses puck.
13:24 of 1st period - Mark Giordano is hit by Dawson Mercer.
14:04 of 1st period - Scott Mayfield is hit by Leon Draisaitl and loses puck.
14:23 of 1st period - Brett Pesce is hit by Jean-Gabriel Pageau and loses puck.
14:55 of 1st period - Snap shot by Mitchell Marner.
14:55 of 1st period - Stopped by Juuse Saros without a rebound.
14:56 of 1st period - Leon Draisaitl wins face-off versus Boone Jenner in Edmonton Oilers zone.
14:57 of 1st period - Slapshot by Pavel Buchnevich.
14:57 of 1st period - Stopped by Juuse Saros with a rebound.
15:13 of 1st period - Snap shot by Adrian Kempe.
15:13 of 1st period - Stopped by Jordan Binnington without a rebound.
15:14 of 1st period - Jeff Carter wins face-off versus Phillip Danault in Pittsburgh Penguins zone.
15:17 of 1st period - Snap shot by Jake DeBrusk.
15:17 of 1st period - Deflect By Brock Boeser.
15:17 of 1st period - Shot Blocked by Phillip Danault.
15:17 of 1st period - Puck is out of play.
15:18 of 1st period - Phillip Danault wins face-off versus Jeff Carter in Pittsburgh Penguins zone.
15:18 of 1st period - Phillip Danault is hit by Brock Boeser.
15:40 of 1st period - Minor Penalty to Evan Bouchard for Diving.
15:41 of 1st period - Adrian Kempe wins face-off versus Blake Coleman in Edmonton Oilers zone.
17:22 of 1st period - Brock Boeser is hit by Mitchell Marner and loses puck.
17:40 of 1st period - Penalty to Evan Bouchard is over, Evan Bouchard is back on ice.
18:05 of 1st period - Scott Mayfield is hit by Erik Gudbranson and loses puck.
18:12 of 1st period - James van Riemsdyk is hit by Ryan McLeod and loses puck.
18:27 of 1st period - Jean-Gabriel Pageau is hit by Brock Boeser and loses puck.
19:00 of 1st period - Leon Draisaitl is hit by Jake DeBrusk and loses puck.
19:16 of 1st period - Icing by Mattias Ekholm.
19:17 of 1st period - David Perron wins face-off versus Jean-Gabriel Pageau in Pittsburgh Penguins zone.
19:26 of 1st period - Slapshot by Erik Karlsson.
19:26 of 1st period - Stopped by Juuse Saros with a rebound.
Goals for this period are 0 for Edmonton Oilers vs 0 for Pittsburgh Penguins.
Shots for this period are 2 for Edmonton Oilers vs 4 for Pittsburgh Penguins.
2nd period
0:01 of 2nd period - Leon Draisaitl wins face-off versus Jeff Carter in neutral zone.
0:06 of 2nd period - Slapshot by Leon Draisaitl.
0:06 of 2nd period - Stopped by Juuse Saros with a rebound.
0:34 of 2nd period - Snap shot by David Perron.
0:34 of 2nd period - Stopped by Jordan Binnington without a rebound.
0:35 of 2nd period - Boone Jenner wins face-off versus Phillip Danault in Pittsburgh Penguins zone.
0:44 of 2nd period - Slapshot by Blake Coleman.
0:44 of 2nd period - Stopped by Juuse Saros without a rebound.
0:45 of 2nd period - Leon Draisaitl wins face-off versus Adrian Kempe in Edmonton Oilers zone.
0:58 of 2nd period - Snap shot by Pavel Buchnevich.
0:58 of 2nd period - Stopped by Juuse Saros with a rebound.
1:00 of 2nd period - Wrist shot by Leon Draisaitl.
1:00 of 2nd period - Shot Blocked by Brandon Carlo.
1:08 of 2nd period - Minor Penalty to Jacob Trouba for Cross-checking.
1:09 of 2nd period - Phillip Danault wins face-off versus Adrian Kempe in Edmonton Oilers zone.
1:25 of 2nd period - Backhand shot by Blake Coleman.
1:25 of 2nd period - Goal by Blake Coleman - Edmonton Oilers : 0 - Pittsburgh Penguins : 1.
1:26 of 2nd period - Leon Draisaitl wins face-off versus Jeff Carter in neutral zone.
1:41 of 2nd period - Backhand shot by Brock Boeser.
1:41 of 2nd period - Stopped by Jordan Binnington with a rebound.
2:15 of 2nd period - Slapshot by Gabriel Vilardi.
2:15 of 2nd period - Stopped by Juuse Saros with a rebound.
2:20 of 2nd period - Off-side.
2:21 of 2nd period - Leon Draisaitl wins face-off versus Jeff Carter in neutral zone.
2:24 of 2nd period - Wrist shot by Pavel Buchnevich.
2:24 of 2nd period - Shot Misses the Net.
2:32 of 2nd period - Wrist shot by Jake DeBrusk.
2:32 of 2nd period - Stopped by Jordan Binnington with a rebound.
2:34 of 2nd period - Wrist shot by Brock Boeser.
2:34 of 2nd period - Stopped by Jordan Binnington without a rebound.
2:35 of 2nd period - Phillip Danault wins face-off versus Dawson Mercer in Pittsburgh Penguins zone.
3:09 of 2nd period - Snap shot by Jake DeBrusk.
3:09 of 2nd period - Stopped by Jordan Binnington without a rebound.
3:10 of 2nd period - Boone Jenner wins face-off versus Sam Reinhart in Pittsburgh Penguins zone.
3:13 of 2nd period - Snap shot by Boone Jenner.
3:13 of 2nd period - Shot Blocked by Pavel Buchnevich.
4:07 of 2nd period - Snap shot by Jordan Eberle.
4:07 of 2nd period - Goal by Jordan Eberle - Edmonton Oilers : 0 - Pittsburgh Penguins : 2.
4:08 of 2nd period - Ryan McLeod wins face-off versus Leon Draisaitl in neutral zone.
4:11 of 2nd period - Erik Gudbranson is hit by Ryan McLeod and loses puck.
4:16 of 2nd period - Wrist shot by Adrian Kempe.
4:16 of 2nd period - Stopped by Jordan Binnington with a rebound.
4:18 of 2nd period - Wrist shot by Ryan McLeod.
4:18 of 2nd period - Shot Misses the Net.
4:42 of 2nd period - Snap shot by Leon Draisaitl.
4:42 of 2nd period - Stopped by Juuse Saros without a rebound.
4:43 of 2nd period - Phillip Danault wins face-off versus Boone Jenner in Edmonton Oilers zone.
4:48 of 2nd period - Wrist shot by Mitchell Marner.
4:48 of 2nd period - Stopped by Juuse Saros with a rebound.
5:10 of 2nd period - Ryan McLeod is hit by Jordan Eberle and loses puck.
5:19 of 2nd period - Wrist shot by Jean-Gabriel Pageau.
5:19 of 2nd period - Shot Misses the Net.
5:30 of 2nd period - Off-side.
5:31 of 2nd period - Jeff Carter wins face-off versus Gabriel Vilardi in neutral zone.
5:41 of 2nd period - Snap shot by Jake DeBrusk.
5:41 of 2nd period - Shot Misses the Net.
5:43 of 2nd period - Slapshot by Jacob Trouba.
5:43 of 2nd period - Deflect By Brock Boeser.
5:43 of 2nd period - Stopped by Jordan Binnington without a rebound.
5:44 of 2nd period - Adrian Kempe wins face-off versus Phillip Danault in Pittsburgh Penguins zone.
5:45 of 2nd period - Snap shot by David Perron.
5:45 of 2nd period - Shot Misses the Net.
5:48 of 2nd period - Icing by Mark Giordano.
5:49 of 2nd period - Boone Jenner wins face-off versus Phillip Danault in Pittsburgh Penguins zone.
6:02 of 2nd period - Wrist shot by David Perron.
6:02 of 2nd period - Shot Misses the Net.
6:16 of 2nd period - Wrist shot by Phillip Danault.
6:16 of 2nd period - Stopped by Juuse Saros with a rebound.
6:18 of 2nd period - Slapshot by Brian Dumoulin.
6:18 of 2nd period - Shot Blocked by Brandon Carlo.
6:20 of 2nd period - Slapshot by Sam Reinhart.
6:20 of 2nd period - Stopped by Juuse Saros with a rebound.
6:22 of 2nd period - Snap shot by Leon Draisaitl.
6:22 of 2nd period - Stopped by Juuse Saros with a rebound.
6:24 of 2nd period - Wrist shot by Sam Reinhart.
6:24 of 2nd period - Shot Misses the Net.
6:26 of 2nd period - Slapshot by Brian Dumoulin.
6:26 of 2nd period - Stopped by Juuse Saros without a rebound.
6:27 of 2nd period - Jeff Carter wins face-off versus Jean-Gabriel Pageau in Edmonton Oilers zone.
6:52 of 2nd period - Evan Bouchard is hit by Brock Faber and loses puck.
6:57 of 2nd period - Wrist shot by Leon Draisaitl.
6:57 of 2nd period - Shot Blocked by David Savard.
6:59 of 2nd period - Snap shot by Leon Draisaitl.
6:59 of 2nd period - Stopped by Juuse Saros without a rebound.
7:00 of 2nd period - Leon Draisaitl wins face-off versus Boone Jenner in Edmonton Oilers zone.
7:01 of 2nd period - Wrist shot by Sam Reinhart.
7:01 of 2nd period - Deflect By Pavel Buchnevich.
7:01 of 2nd period - Stopped by Juuse Saros with a rebound.
7:03 of 2nd period - Snap shot by Sam Reinhart.
7:03 of 2nd period - Stopped by Juuse Saros with a rebound.
7:05 of 2nd period - Slapshot by Mattias Ekholm.
7:05 of 2nd period - Shot Blocked by Adrian Kempe.
7:27 of 2nd period - Wrist shot by Jake DeBrusk.
7:27 of 2nd period - Shot Misses the Net.
7:29 of 2nd period - Snap shot by Brett Pesce.
7:29 of 2nd period - Shot Misses the Net.
7:31 of 2nd period - Slapshot by Brock Boeser.
7:31 of 2nd period - Goal by Brock Boeser - Edmonton Oilers : 1 - Pittsburgh Penguins : 2.
7:32 of 2nd period - Jean-Gabriel Pageau wins face-off versus Ryan McLeod in neutral zone.
7:35 of 2nd period - Wrist shot by Dylan Guenther.
7:35 of 2nd period - Shot Misses the Net.
7:42 of 2nd period - Off-side.
7:43 of 2nd period - Phillip Danault wins face-off versus Dawson Mercer in neutral zone.
7:51 of 2nd period - Minor Penalty to Corey Perry for Diving.
7:52 of 2nd period - Leon Draisaitl wins face-off versus Boone Jenner in Edmonton Oilers zone.
7:52 of 2nd period - Snap shot by Pavel Buchnevich.
7:52 of 2nd period - Goal by Pavel Buchnevich - Edmonton Oilers : 1 - Pittsburgh Penguins : 3.
7:53 of 2nd period - Phillip Danault wins face-off versus Boone Jenner in neutral zone.
8:22 of 2nd period - Wrist shot by Jake DeBrusk.
8:22 of 2nd period - Stopped by Jordan Binnington without a rebound.
8:23 of 2nd period - Jeff Carter wins face-off versus Leon Draisaitl in Pittsburgh Penguins zone.
8:37 of 2nd period - Minor Penalty to Evan Bouchard for Tripping.
8:38 of 2nd period - Leon Draisaitl wins face-off versus Boone Jenner in Edmonton Oilers zone.
10:37 of 2nd period - Penalty to Evan Bouchard is over, Evan Bouchard is back on ice.
10:59 of 2nd period - Mattias Ekholm is hit by Brock Boeser and loses puck.
13:35 of 2nd period - Jake DeBrusk is hit by Erik Karlsson and loses puck.
13:50 of 2nd period - Evan Bouchard is hit by Jordan Eberle and loses puck.
14:03 of 2nd period - Mitchell Marner is hit by Boone Jenner.
14:18 of 2nd period - Icing by Erik Karlsson.
14:19 of 2nd period - Jeff Carter wins face-off versus Leon Draisaitl in Pittsburgh Penguins zone.
14:22 of 2nd period - Backhand shot by Brock Boeser.
14:22 of 2nd period - Stopped by Jordan Binnington with a rebound.
14:40 of 2nd period - Snap shot by David Perron.
14:40 of 2nd period - Shot Hit the Post.
14:46 of 2nd period - Minor Penalty to Blake Coleman for Tripping.
14:47 of 2nd period - Leon Draisaitl wins face-off versus Jeff Carter in Pittsburgh Penguins zone.
14:53 of 2nd period - Icing by Jeff Carter.
14:54 of 2nd period - Jeff Carter wins face-off versus Mitchell Marner in Edmonton Oilers zone.
15:23 of 2nd period - Snap shot by Pavel Buchnevich.
15:23 of 2nd period - Shot Misses the Net.
15:38 of 2nd period - Icing by Jake DeBrusk.
15:39 of 2nd period - Leon Draisaitl wins face-off versus Jeff Carter in Edmonton Oilers zone.
15:48 of 2nd period - Wrist shot by Brock Boeser.
15:48 of 2nd period - Stopped by Jordan Binnington without a rebound.
15:49 of 2nd period - Mitchell Marner wins face-off versus Boone Jenner in Pittsburgh Penguins zone.
16:02 of 2nd period - Wrist shot by David Perron.
16:02 of 2nd period - Stopped by Jordan Binnington with a rebound.
16:04 of 2nd period - Slapshot by David Savard.
16:04 of 2nd period - Stopped by Jordan Binnington without a rebound.
16:05 of 2nd period - Mitchell Marner wins face-off versus Jeff Carter in Pittsburgh Penguins zone.
16:32 of 2nd period - Boone Jenner is hit by Sam Reinhart and loses puck.
16:46 of 2nd period - Penalty to Blake Coleman is over, Blake Coleman is back on ice.
16:56 of 2nd period - Wrist shot by Sam Reinhart.
16:56 of 2nd period - Shot Misses the Net.
17:29 of 2nd period - Off-side.
17:30 of 2nd period - James van Riemsdyk wins face-off versus Alex Iafallo in neutral zone.
17:41 of 2nd period - Snap shot by James van Riemsdyk.
17:41 of 2nd period - Stopped by Juuse Saros with a rebound.
17:43 of 2nd period - Snap shot by Erik Gudbranson.
17:43 of 2nd period - Shot Misses the Net.
18:10 of 2nd period - Snap shot by Ryan McLeod.
18:10 of 2nd period - Stopped by Jordan Binnington without a rebound.
18:11 of 2nd period - Phillip Danault wins face-off versus Jeff Carter in Pittsburgh Penguins zone.
19:50 of 2nd period - Jacob Trouba is hit by Jean-Gabriel Pageau and loses puck.
Goals for this period are 1 for Edmonton Oilers vs 3 for Pittsburgh Penguins.
Shots for this period are 14 for Edmonton Oilers vs 17 for Pittsburgh Penguins.
3rd period
0:01 of 3rd period - Boone Jenner wins face-off versus Leon Draisaitl in neutral zone.
0:12 of 3rd period - Snap shot by Adrian Kempe.
0:12 of 3rd period - Stopped by Jordan Binnington with a rebound.
0:34 of 3rd period - Wrist shot by Jean-Gabriel Pageau.
0:34 of 3rd period - Shot Blocked by Jacob Trouba.
0:36 of 3rd period - Snap shot by Dylan Guenther.
0:36 of 3rd period - Shot Misses the Net.
0:38 of 3rd period - Slapshot by Mark Giordano.
0:38 of 3rd period - Shot Blocked by Jacob Trouba.
0:48 of 3rd period - David Perron is hit by James van Riemsdyk and loses puck.
1:22 of 3rd period - Snap shot by Erik Karlsson.
1:22 of 3rd period - Shot Blocked by Jake DeBrusk.
2:11 of 3rd period - Wrist shot by Jean-Gabriel Pageau.
2:11 of 3rd period - Deflect By Jordan Eberle.
2:11 of 3rd period - Stopped by Juuse Saros with a rebound.
3:17 of 3rd period - Wrist shot by Jean-Gabriel Pageau.
3:17 of 3rd period - Deflect By Brett Pesce.
3:17 of 3rd period - Shot Misses the Net.
3:17 of 3rd period - Puck is out of play.
3:18 of 3rd period - Alex Iafallo wins face-off versus Leon Draisaitl in Edmonton Oilers zone.
3:41 of 3rd period - Mark Giordano is hit by Boone Jenner and loses puck.
3:58 of 3rd period - Jake DeBrusk is hit by Leon Draisaitl.
5:14 of 3rd period - Snap shot by Adrian Kempe.
5:14 of 3rd period - Shot Blocked by Sam Reinhart.
6:08 of 3rd period - Snap shot by Mitchell Marner.
6:08 of 3rd period - Shot Misses the Net.
6:10 of 3rd period - Snap shot by Blake Coleman.
6:10 of 3rd period - Stopped by Juuse Saros with a rebound.
6:34 of 3rd period - Wrist shot by Sam Reinhart.
6:34 of 3rd period - Shot Blocked by Brandon Carlo.
6:36 of 3rd period - Snap shot by Leon Draisaitl.
6:36 of 3rd period - Shot Misses the Net.
7:11 of 3rd period - Icing by Derek Ryan.
7:12 of 3rd period - Phillip Danault wins face-off versus Morgan Barron in Edmonton Oilers zone.
7:21 of 3rd period - Snap shot by Blake Coleman.
7:21 of 3rd period - Stopped by Juuse Saros without a rebound.
7:22 of 3rd period - Dawson Mercer wins face-off versus Leon Draisaitl in Edmonton Oilers zone.
7:35 of 3rd period - Slapshot by Dawson Mercer.
7:35 of 3rd period - Stopped by Jordan Binnington with a rebound.
7:49 of 3rd period - Jeff Carter is hit by Brian Dumoulin.
8:11 of 3rd period - Off-side.
8:12 of 3rd period - Leon Draisaitl wins face-off versus Ryan McLeod in neutral zone.
8:15 of 3rd period - Corey Perry is hit by Leon Draisaitl and loses puck.
8:45 of 3rd period - Wrist shot by Phillip Danault.
8:45 of 3rd period - Deflect By Blake Coleman.
8:45 of 3rd period - Shot Misses the Net.
8:45 of 3rd period - Puck is out of play.
8:46 of 3rd period - Jean-Gabriel Pageau wins face-off versus Boone Jenner in Edmonton Oilers zone.
9:35 of 3rd period - Snap shot by Leon Draisaitl.
9:35 of 3rd period - Stopped by Juuse Saros with a rebound.
9:37 of 3rd period - Wrist shot by Leon Draisaitl.
9:37 of 3rd period - Shot Blocked by Dawson Mercer.
9:39 of 3rd period - Slapshot by Erik Gudbranson.
9:39 of 3rd period - Deflect By Sam Reinhart.
9:39 of 3rd period - Stopped by Juuse Saros without a rebound.
9:40 of 3rd period - Ryan McLeod wins face-off versus Leon Draisaitl in Edmonton Oilers zone.
9:50 of 3rd period - Off-side.
9:51 of 3rd period - Phillip Danault wins face-off versus Boone Jenner in neutral zone.
10:04 of 3rd period - Snap shot by Adrian Kempe.
10:04 of 3rd period - Shot Misses the Net.
10:06 of 3rd period - Snap shot by Boone Jenner.
10:06 of 3rd period - Stopped by Jordan Binnington with a rebound.
10:08 of 3rd period - Slapshot by Boone Jenner.
10:08 of 3rd period - Stopped by Jordan Binnington with a rebound.
10:40 of 3rd period - Wrist shot by Dawson Mercer.
10:40 of 3rd period - Stopped by Jordan Binnington without a rebound.
10:41 of 3rd period - Jean-Gabriel Pageau wins face-off versus Dawson Mercer in Pittsburgh Penguins zone.
11:28 of 3rd period - Snap shot by Jeff Carter.
11:28 of 3rd period - Shot Blocked by Blake Coleman.
11:30 of 3rd period - Slapshot by Brandon Carlo.
11:30 of 3rd period - Shot Misses the Net.
11:32 of 3rd period - Slapshot by Scott Mayfield.
11:32 of 3rd period - Stopped by Jordan Binnington with a rebound.
11:34 of 3rd period - Slapshot by Brock Boeser.
11:34 of 3rd period - Stopped by Jordan Binnington with a rebound.
11:48 of 3rd period - Dawson Mercer is hit by Jake Neighbours and loses puck.
12:06 of 3rd period - Slapshot by Brian Dumoulin.
12:06 of 3rd period - Stopped by Juuse Saros without a rebound.
12:07 of 3rd period - Jean-Gabriel Pageau wins face-off versus Adrian Kempe in Edmonton Oilers zone.
12:18 of 3rd period - Slapshot by Dylan Guenther.
12:18 of 3rd period - Shot Misses the Net.
12:20 of 3rd period - Slapshot by Dylan Guenther.
12:20 of 3rd period - Shot Misses the Net.
13:04 of 3rd period - Icing by Erik Gudbranson.
13:05 of 3rd period - Gabriel Vilardi wins face-off versus Ryan McLeod in Pittsburgh Penguins zone.
13:32 of 3rd period - Wrist shot by Gabriel Vilardi.
13:32 of 3rd period - Stopped by Juuse Saros with a rebound.
13:34 of 3rd period - Snap shot by Erik Gudbranson.
13:34 of 3rd period - Shot Misses the Net.
14:01 of 3rd period - Wrist shot by Adrian Kempe.
14:01 of 3rd period - Stopped by Jordan Binnington with a rebound.
15:36 of 3rd period - Ryan McLeod is hit by Erik Gudbranson and loses puck.
16:15 of 3rd period - Brett Pesce is hit by Erik Gudbranson and loses puck.
16:36 of 3rd period - Gabriel Vilardi is hit by Adrian Kempe and loses puck.
16:49 of 3rd period - Wrist shot by Brett Pesce.
16:49 of 3rd period - Shot Misses the Net.
17:07 of 3rd period - Snap shot by James van Riemsdyk.
17:07 of 3rd period - Shot Misses the Net.
17:09 of 3rd period - Wrist shot by Gabriel Vilardi.
17:09 of 3rd period - Deflect By Jake Neighbours.
17:09 of 3rd period - Stopped by Juuse Saros without a rebound.
17:10 of 3rd period - Jeff Carter wins face-off versus Dylan Guenther in Edmonton Oilers zone.
17:24 of 3rd period - Wrist shot by Jake DeBrusk.
17:24 of 3rd period - Shot Misses the Net.
17:26 of 3rd period - Snap shot by Brock Boeser.
17:26 of 3rd period - Shot Misses the Net.
17:32 of 3rd period - Minor Penalty to Mattias Ekholm for High sticking.
17:33 of 3rd period - Mitchell Marner wins face-off versus Jeff Carter in Pittsburgh Penguins zone.
17:48 of 3rd period - Snap shot by Brock Boeser.
17:48 of 3rd period - Shot Misses the Net.
19:24 of 3rd period - Dylan Guenther is hit by Jeff Carter and loses puck.
19:32 of 3rd period - Penalty to Mattias Ekholm is over, Mattias Ekholm is back on ice.
19:45 of 3rd period - Wrist shot by Jean-Gabriel Pageau.
19:45 of 3rd period - Stopped by Juuse Saros with a rebound.
Goals for this period are 0 for Edmonton Oilers vs 0 for Pittsburgh Penguins.
Shots for this period are 8 for Edmonton Oilers vs 9 for Pittsburgh Penguins.
Back to the Top